 Dungeon Crawl Stone Soup version 0.31-a0-1074-g0b22e4e0f1 (webtiles) character file.

Game seed: 4563588253973165891

290 tbh1313 the Cudgeller (level 6, -1/62 HPs)
             Began as an Ogre Berserker on Nov 29, 2023.
             Was a Believer of Trog.
             Slain by Grinder (8 damage)
             ... on level 3 of the Dungeon.
             The game lasted 00:04:43 (2222 turns).

tbh1313 the Cudgeller (Ogre Berserker)              Turns: 2222, Time: 00:04:43

Health: -1/62      AC: 10    Str: 24    XL:     6   Next: 32%
Magic:  6/6        EV: 10    Int:  8    God:    Trog [**....]
Gold:   98         SH:  0    Dex:  8    Spells: 5/5 levels left

rFire   . . .        j - +0 mace (protect)
rCold   . . .        (no shield)
rNeg    . . .        f - +0 robe
rPois   .            (helmet restricted)
rElec   .            (no cloak)
rCorr   .            (gloves unavailable)
SInv    .            (boots unavailable)
Will    .....        (no amulet)
Stlth   +            (no ring)
HPRegen 0.30/turn    (no ring)
MPRegen 0.10/turn

%: no passive effects
@: under a protective aura, on berserk cooldown, attractive, slowed, very slow
A: large, unfitting armour, tough skin 1
a: Renounce Religion, Berserk, Trog's Hand


You were on level 3 of the Dungeon.
You worshipped Trog.
Trog was pleased with you.
You visited 1 branch of the dungeon, and saw 3 of its levels.

You collected 98 gold pieces.

Inventory:

Hand Weapons
 a - a +0 mace
 b - a +0 whip
 j - a +0 mace of protection (weapon)
Armour
 f - a +0 robe (worn)
Potions
 c - a potion of ambrosia
 d - a potion of mutation {unknown}
 g - a potion of degeneration {unknown}
 h - a potion of heal wounds {unknown}


   Skills:
 - Level 4.0 Fighting
 + Level 6.3 Maces & Flails
 - Level 2.6 Dodging


You had 5 spell levels left.
You didn't know any spells.
Your spell library was empty.

Dungeon Overview and Level Annotations

Branches:
Dungeon (3/15)

Altars:

Annotations:
D:3 Grinder


Innate Abilities, Weirdness & Mutations

You are too large for most types of armour.
You have tough skin. (AC +1)


Message History

You are confused.
You feel invigorated. Grinder closely misses you.
You hit Grinder.
Grinder is severely wounded.
You feel less invigorated.
You feel less confused. Grinder gestures at you.
You suddenly lose the ability to move!
Grinder gestures at you. Pain shoots through your body!
Grinder hits you but does no damage. Grinder hits you.
You writhe in agony.
Grinder hits you but does no damage.
You can move again.
You barely miss Grinder.
Grinder is severely wounded.
Grinder gestures at you. You resist with some effort.
Grinder blinks!
You feel attractive to monsters. Grinder is attracted toward you.
You barely miss Grinder.
Grinder is severely wounded.
Grinder gestures at you. You resist with some effort. Grinder hits you.
You writhe in agony.
* * * LOW HITPOINT WARNING * * *
You closely miss Grinder.
Grinder is severely wounded.
Grinder hits you.
* * * LOW HITPOINT WARNING * * *
You writhe in agony.
* * * LOW HITPOINT WARNING * * *
You barely miss Grinder.
Grinder is severely wounded.
Grinder barely misses you. x2
You hit Grinder.
Your weapon exudes an aura of protection.
Grinder is severely wounded.
Grinder hits you!
You die...
Grinder says, "Now the real fun starts!"

#.# #.#
############.#
#.........##.##
#.............
#......5..##.#
#...<.@....#.#
#..........††###
#..<......##)..#
############.#......
#.###.... .5. ...
... .. ..... . .....


You could see Grinder.

Levels and vault maps discovered:
D:1:      lightli_arrival_boilingwater, layout_basic,
          chequers_serial_rivers_room_a, serial_park_tiny_2, nrook_uturn,
          chequers_serial_rivers_room_a, minmay_octomino_j4
D:2:      kb_forest_paths, layout_basic, uniq_sigmund, uniq_natasha
D:3:      layout_rooms, hellmonk_ecumenical_altar_run_dry, serial_shops,
          nicolae_shop_competitors_out_of_business, uniq_grinder

Notes
Turn   | Place    | Note
-------+----------+-------------------------------------------
     0 | D:1      | tbh1313 the Ogre Berserker began the quest for the Orb.
     0 | D:1      | Reached XP level 1. HP: 24/24 MP: 1/1
    41 | D:1      | Reached skill level 3 in Maces & Flails
    41 | D:1      | Reached XP level 2. HP: 24/32 MP: 2/2
   381 | D:1      | Reached XP level 3. HP: 39/39 MP: 3/3
   626 | D:1      | Reached skill level 4 in Maces & Flails
   970 | D:1      | Reached XP level 4. HP: 39/48 MP: 4/4
  1408 | D:2      | Reached ** piety under Trog
  1719 | D:2      | Noticed Sigmund
  1730 | D:2      | Killed Sigmund
  1731 | D:2      | Reached skill level 6 in Maces & Flails
  1731 | D:2      | Reached XP level 5. HP: 54/54 MP: 5/5
  1731 | D:2      | Reached XP level 6. HP: 62/62 MP: 6/6
  1964 | D:2      | Noticed Natasha
  1979 | D:2      | Killed Natasha
  2190 | D:3      | Noticed Grinder
  2213 | D:3      | Paralysed by Grinder for 4 turns
  2220 | D:3      | HP: 6/62 [Grinder (6)]
  2222 | D:3      | Slain by Grinder

Table legend: (Time is in decaauts)
 A = Elapsed time spent in this place.
 B = Non-inter-level travel time spent in this place.
 C = Inter-level travel time spent in this place.
 D = Time resting spent in this place.
 E = Time spent auto-exploring this place.
 F = Levels seen in this place.
 G = Mean time per level.
                   A        B        C        D        E       F      G
               +--------+--------+--------+--------+--------+-----+--------+
         Total |   2265 |   2246 |     19 |    339 |   1503 |   3 |  755.0 |
       Dungeon |   2265 |   2246 |     19 |    339 |   1503 |   3 |  755.0 |
               +--------+--------+--------+--------+--------+-----+--------+

Top non-repeatable levels by time:
     D:1: 1222 daAuts
     D:2: 969 daAuts
     D:3: 73 daAuts

Table legend:
 A = Kills in this place as a percentage of kills in the entire game.
 B = Kills by you in this place as a percentage of kills by you in the entire game.
 C = Kills by friends in this place as a percentage of kills by friends in the entire game.
 D = Other kills in this place as a percentage of other kills in the entire game.
 E = Experience gained in this place as a percentage of experience gained in the entire game.
 F = Experience gained in this place divided by the number of levels of this place that you have seen.
                   A       B       C       D       E      F
               +-------+-------+-------+-------+-------+----------------------
         Total | 100.0 | 100.0 |   N/A |   N/A | 100.0 | 138.3
       Dungeon | 100.0 | 100.0 |   N/A |   N/A | 100.0 | 138.3
               +-------+-------+-------+-------+-------+----------------------

Action                     |  1- 3 |  4- 6 || total
---------------------------+-------+-------++-------
  Melee: Mace              |    25 |    49 ||    74
         Whip              |    40 |    94 ||   134
         Punch             |     1 |       ||     1
 Invoke: Berserk           |     3 |     3 ||     6
         Trog's Hand       |       |     2 ||     2
    Use: Scroll            |     1 |     2 ||     3
         Potion            |       |     2 ||     2
 Armour: Animal skin       |    19 |       ||    19
         Robe              |    32 |    86 ||   118
  Dodge: Dodged            |    37 |    62 ||    99

Vanquished Creatures
  Sigmund (D:2)
  Natasha (D:2)
  3 gnolls (D:1)
  An adder (D:2)
  A worm (D:2)
  3 dart slugs
  5 ball pythons
  3 endoplasms
  3 giant cockroaches
  4 goblins
  4 hobgoblins
  8 jackals
  3 kobolds
  A quokka (D:1)
  6 bats
  2 frilled lizards
  4 rats
53 creatures vanquished.
